Cogmind - Beta 11.1 @@@ ROGUE MODE // 2022.10.12 @ 19:55:00 Player: DuckBoy Result: Destroyed by D-53 Grenadier with Mini Grenade Launcher Performance ------------- Evolutions (0) 0 Regions Visited (2) 400 Robots Destroyed (21) 105 Value Destroyed (389) 389 Prototype IDs (0) 0 Alien Tech Used (0) 0 Bonus (21) 21 TOTAL SCORE: 915 Bonus ------- High Alert Combat Kills 21 Cogmind --------- Core Integrity 0/250 Matter 166/300 Energy 92/100 System Corruption 0% Temperature Cool (30) Movement Core (200) Ox3 Location -10/Mines Parts ------- > --- POWER (1) -------- (None) > --- PROPULSION (2) --- (None) > --- UTILITY (2) ------ Small Storage Unit > --- WEAPON (2) ------- Medium Laser Shotgun > --- INVENTORY (8) ---- Light Ion Engine Hover Unit Hover Unit Light Assault Rifle Rocket Launcher Heavy Hammer Peak State ------------ > --- POWER ------------ Light Ion Engine > --- PROPULSION ------- Wheel Wheel > --- UTILITY ---------- Small Storage Unit Targeting Computer > --- WEAPON ----------- Shotgun Rocket Launcher > --- INVENTORY -------- Light Ion Engine Hover Unit Hover Unit Medium Armor Plating Medium Laser Medium Laser Light Assault Rifle Heavy Hammer [Rating: 10] Favorites ----------- Power Light Ion Engine Engine Light Ion Engine Propulsion Compact Wheel Wheel Compact Wheel Utility Small Storage Unit Storage Small Storage Unit Processor Targeting Computer Protection Medium Armor Plating Weapon Grenade Launcher Energy Gun EM Pulse Gun Ballistic Gun Light Assault Rifle Launcher Grenade Launcher Build | -11 -10 -10 ------- Run | Scr Mat Min Slots Evolved . | . . . Power . | . . . Propulsion . | . . . Utility . | . . . Weapon . | . . . Parts Attached 17 | 6 6 5 Power 3 | 1 2 . Engine 3 | 1 2 . Core . | . . . Reactor . | . . . Propulsion 4 | 2 2 . Treads . | . . . Leg . | . . . Wheel 4 | 2 2 . Hover . | . . . Flight . | . . . Utility 3 | 1 . 2 Device . | . . . Storage 1 | 1 . . Processor 1 | . . 1 Hackware . | . . . Protection 1 | . . 1 Artifact . | . . . Weapon 7 | 2 2 3 Energy Gun 3 | 1 . 2 Energy Cannon . | . . . Ballistic Gun 2 | 1 1 . Ballistic Cannon . | . . . Launcher 2 | . 1 1 Special Weapon . | . . . Impact Weapon . | . . . Slashing Weapon . | . . . Piercing Weapon . | . . . Special Melee Weapon . | . . . Unidentified Prototypes . | . . . Parts Lost 7 | . 2 5 Power 2 | . 1 1 Propulsion 2 | . . 2 Utility 1 | . . 1 Weapon 2 | . 1 1 Highest Loss Streak 5 | . 1 5 To Critical Strikes . | . . . Average Slot Usage (%) 84 | . 81 95 Engine 12 | . 12 12 Wheel 27 | . 28 26 Storage 14 | . 14 14 Processor 1 | . . 11 Energy Gun 8 | . 10 1 Ballistic Gun 7 | . 6 14 Launcher 10 | . 9 12 Naked Turns . | . . . Heaviest Build 14 | 11 14 14 Greatest Support 32 | 32 32 20 Greatest Overweight (x) . | . . . Average Overweight (x) . | . . . Largest Inventory Capacity 8 | 8 8 8 Average Capacity 7 | 6 8 8 Most Carried 8 | 1 8 8 Average Carried 5 | . 4 7 Final Capacity 8 | 8 8 8 Final Carried 8 | 1 8 6 Class Distribution -------------------- 100% | Mutant Dominant Class ---------------- Mutant | -10/Materials Mutant | -10/Mines Resources | -11 -10 -10 ----------- Run | Scr Mat Min Matter Collected 392 | 249 126 17 Remotely . | . . . Salvage Created 353 | . 262 91 Parts 30 | . 25 5 Haulers Intercepted . | . . . Recyclers Shooed 1 | . . 1 Parts Field Recycled . | . . . Retrieved Matter . | . . . Parts Self-Destructed . | . . . Prevented . | . . . Kills | -11 -10 -10 ------- Run | Scr Mat Min Combat Hostiles Destroyed 12 | . 11 1 Guns 2 | . 2 . AOE 10 | . 9 1 Classes Destroyed 7 | . 6 1 Worker 2 | . 2 . Builder 2 | . 1 1 Recycler 1 | . . 1 Operator 1 | . 1 . Watcher 3 | . 3 . Swarmer 6 | . 6 . Grunt 6 | . 5 1 Best Kill Streak 5 | . 5 3 Combat Bots Only 4 | . 4 1 Max Kills in Single Turn 3 | . 3 2 Gunslinging . | . . . Exploded 2 | . 2 1 Melee . | . . . Uniques/NPCs Destroyed . | . . . Combat | -11 -10 -10 -------- Run | Scr Mat Min Damage Taken 959 | . 254 705 Core 254 | . 61 193 Absorbed by Shields . | . . . Core Remaining (%) 100 | 100 . . Volleys Fired 39 | . 32 7 Largest 2 | . 2 2 Hottest 73 | . 60 73 Shots Fired 51 | . 38 13 Gun 36 | . 26 10 Cannon . | . . . Launcher 15 | . 12 3 Special . | . . . Kinetic 12 | . 6 6 Thermal 4 | . . 4 Explosive 15 | . 12 3 Electromagnetic 20 | . 20 . Robot Hit Streak 8 | . 8 6 Robot Miss Streak 4 | . 4 2 Penetration Max . | . . . Secondary Targets . | . . . Shots Hit Robots 31 | . 20 11 Core Hits 33 | . 26 7 Critical Kills . | . . . Critical Parts Destroyed . | . . . Critical Strikes . | . . . Melee Attacks . | . . . Impact . | . . . Slashing . | . . . Piercing . | . . . Sneak Attacks . | . . . Combat Hostiles . | . . . Follow-up Attacks . | . . . Damage Inflicted 1622 | . 1196 426 Guns 348 | . 227 121 Cannons . | . . . Explosions 1274 | . 969 305 Melee . | . . . Ramming . | . . . Kinetic 121 | . 37 84 Thermal 78 | . 41 37 Explosive 1233 | . 928 305 Electromagnetic 190 | . 190 . Impact . | . . . Slashing . | . . . Piercing . | . . . Highest Corruption . | . . . Average Corruption . | . . . Corruption Purged . | . . . Corruption Blocked . | . . . Overload Shots . | . . . Overflow Damage 120 | . 111 9 Projectiles . | . . . Explosions 120 | . 111 9 Melee . | . . . Knockbacks . | . . . Impact . | . . . Kinetic . | . . . Secondary . | . . . Self-Inflicted Damage 56 | . 48 8 Shots 3 | . 2 1 Rammed . | . . . Targets Rammed . | . . . Kicked . | . . . Crushed . | . . . Highest Temperature 38 | . 38 31 Average Temperature 15 | . 13 17 Received Heat Transfer 159 | . 81 78 Siege Activations . | . . . Robots Corrupted . | . . . Combat Hostiles . | . . . Parts Fried 1 | . 1 . Impact Corruptions . | . . . Robots Melted . | . . . Combat Hostiles . | . . . Parts Melted . | . . . Heat Transferred 111 | . . 111 Parts Sabotaged . | . . . Parts Stolen . | . . . Parts Stripped . | . . . Power Chain Reactions 1 | . 1 . Missiles Intercepted . | . . . Alert | -11 -10 -10 ------- Run | Scr Mat Min Peak Influence 580 | . 580 246 Initial 171 | . . 171 Average 234 | . 266 182 Maximum Alert Level 2 | . 2 1 Low Security (%) 46 | 100 34 83 Level 1 25 | . 29 16 Level 2 27 | . 35 . Level 3 . | . . . Level 4 . | . . . Level 5 . | . . . High Security . | . . . Max Security . | . . . Squads Dispatched 2 | . 2 . Investigation 1 | . 1 . Extermination . | . . . Reinforcement 1 | . 1 . Assault . | . . . Garrison . | . . . Intercept . | . . . Searches Triggered . | . . . Construction Impeded . | . . . Haulers Reinforced . | . . . Active Scanning Responses . | . . . Cargo Convoy Interrupts . | . . . Stealth | -11 -10 -10 --------- Run | Scr Mat Min Distress Signals 1 | . 1 . Communications Jammed . | . . . Distress Signals . | . . . Times Spotted 19 | . 15 4 Peak Tracking Total 3 | . 3 3 Tactical Retreats . | . . . Traps | -11 -10 -10 ------- Run | Scr Mat Min Traps Triggered . | . . . Indirectly . | . . . Trap Hack Attempts . | . . . Triggered . | . . . Disarmed . | . . . Reprogrammed . | . . . Reused . | . . . Traps Extracted . | . . . Installed . | . . . Triggered . | . . . Machines | -11 -10 -10 ---------- Run | Scr Mat Min Machines Disabled 3 | . 3 . Max in Single Turn 1 | . 1 . Machines Sabotaged . | . . . Garrisons Compromised . | . . . Overloaded Fab Kills . | . . . Hacking | -11 -10 -10 --------- Run | Scr Mat Min Machines Accessed 4 | . 4 . Terminals 4 | . 4 . Fabricators . | . . . Repair Stations . | . . . Recycling Units . | . . . Scanalyzers . | . . . Garrison Access . | . . . Total Hacks 13 | . 13 . Successful 4 | . 4 . Failed 9 | . 9 . Catastrophic 2 | . 2 . Database Lockouts . | . . . Manual 10 | . 10 . Terminals 13 | . 13 . Fabricators . | . . . Repair Stations . | . . . Recycling Units . | . . . Scanalyzers . | . . . Garrison Access . | . . . Terminal Hacks 2 | . 2 . Part Schematic 2 | . 2 . Fabricator Hacks . | . . . Repair Station Hacks . | . . . Recycling Unit Hacks . | . . . Scanalyzer . | . . . Garrison Access Hacks . | . . . Unauthorized Hacks 2 | . 2 . Terminals 2 | . 2 . Botnet 2 | . 2 . Fabricators . | . . . Repair Stations . | . . . Recycling Units . | . . . Scanalyzers . | . . . Garrison Access . | . . . Data Cores Recovered . | . . . Used . | . . . Hacking Detections 4 | . 4 . Full Trace Events 1 | . 1 . Feedback Events . | . . . Feedback Blocked . | . . . Robot Schematics Acquired . | . . . Robots Built . | . . . Authchips . | . . . Time . | . . . Total Robot Build Rating . | . . . Part Schematics Acquired 2 | . 2 . Parts Built . | . . . Authchips . | . . . Time . | . . . Total Part Build Rating . | . . . Parts Repaired . | . . . Time . | . . . Parts Recycled . | . . . Recycled Matter . | . . . Retrieved Matter . | . . . Retrieved Components . | . . . Parts Scanalyzed . | . . . Part Schematics Acquired . | . . . Parts Damaged . | . . . Bothacking | -11 -10 -10 ------------ Run | Scr Mat Min Used RIF Installer . | . . . Robots Hacked . | . . . Non-combat . | . . . Combat . | . . . Robot Hacks Applied . | . . . Relay Couplers Released . | . . . Fabnet Peak Effective % . | . . . Robots Rewired . | . . . Allies Hacked . | . . . Hacks Repelled . | . . . Allies | -11 -10 -10 -------- Run | Scr Mat Min Total Allies . | . . . Largest Group . | . . . Highest-Rated Group . | . . . Highest-Rated Ally . | . . . Total Orders . | . . . Ally Attacks . | . . . Total Damage . | . . . Kills . | . . . Allies Corrupted . | . . . Allies Melted . | . . . Intel | -11 -10 -10 ------- Run | Scr Mat Min Robot Analysis Total . | . . . Derelict Logs Recovered . | . . . Drone Launches . | . . . Drone Recoveries . | . . . Exploration | -11 -10 -10 ------------- Run | Scr Mat Min Turns Passed 625 | 42 481 102 Spaces Moved 495 | 33 372 90 Core 1 | 1 . . Treads . | . . . Legs . | . . . Wheels 494 | 32 372 90 Hover . | . . . Flight . | . . . Fastest Speed 50 | 50 80 80 Average Speed 96 | 98 99 80 Slowest Speed 100 | 100 100 80 Overloaded Moves . | . . . Propulsion Burnouts . | . . . Robots Hopped . | . . . Cave-ins Triggered . | . . . Exploration Rate (%) 41 | 4 86 33 Regions Visited 2 Branch Regions 1 Pre-discovered Areas . | . . . Known Exits Taken . | . . . Unknown Exits Taken 2 | 1 1 . Scrap Searched 1 | . . 1 Spaces Dug . | . . . Terrain Destroyed 116 | . 93 23 Melee . | . . . Projectile . | . . . AOE 116 | . 93 23 Terrain Rammed . | . . . Walls Destroyed . | . . . Machines Disabled . | . . . Actions | -11 -10 -10 --------- Run | Scr Mat Min Total 591 | 39 445 107 Wait 28 | . 24 4 Move 493 | 32 371 90 Hop . | . . . Pick Up 9 | 1 8 . Fast Attach 9 | 6 2 1 Attach 1 | . . 1 Detach . | . . . Swap 7 | . 4 3 Drop 5 | . 4 1 Fire 39 | . 32 7 Melee . | . . . Ram . | . . . Kick . | . . . Crush . | . . . Escape Stasis . | . . . Rewire . | . . . Trap . | . . . Miscellaneous . | . . . Route ------- -11/Scrapyard -10/Materials (discovered 4 exits: [*Mat x3] / [*Min]) -10/Mines History --------- Turn | Location | Event 28 | -11/Scrapyard | Discovered new exit (range 14) 43 | -11/Scrapyard | Entered Materials 208 | -10/Materials | Discovered new exit (range 14) 307 | -10/Materials | Build established: Mutant 358 | -10/Materials | Discovered new exit (range 9) 452 | -10/Materials | Discovered new exit (range 13) 505 | -10/Materials | Discovered new exit (range 12) 524 | -10/Materials | Entered Mines 596 | -10/Mines | Assembled infested the area 601 | -10/Mines | Received a Rocket Launcher from a helpful Derelict 618 | -10/Mines | Core integrity fell below 50% 624 | -10/Mines | Core integrity fell below 20% 626 | -10/Mines | Destroyed by D-53 Grenadier with Mini Grenade Launcher Last Messages --------------- 00601_ IM-QGU(g): "Would you like a rocket launcher? I know I would if I were you, so I'm going to lend you mine." 00601_ IM-QGU(g) slips back into the shadows. 00602_ Dropped Grenade Launcher. 00605_ U-05 Engineer lays Concrete. 00605_ G-34 Mercenary destroyed. 00606_ U-05 Engineer lays Concrete. 00607_ U-05 Engineer builds a Wall. 00608_ Destroyed Wheel. 00608_ U-05 Engineer destroyed. 00608_ R-06 Scavenger destroyed. 00610_ C-30 ARC bursts open, deploying its payload. 00610_ D-53 Grenadier unfolds itself. 00611_ U-05 Engineer destroyed. 00611_ Discarded Targeting Computer. 00613_ Wheel destroyed. 00616_ Med. Laser destroyed. 00617_ Lgt. Ion Engine destroyed. 00622_ Med. Armor Plating destroyed. 00622_ Wheel destroyed. Map ----- +----------------------------------------------------+ | ??????????????????????###### ##??? #????????????? | | ???????????????????????????# #?????#????????????? | | ????????????????????????#### #??????##??????????? | | ???????????????????????## ###?? #??????????? | | ???????????????????????# ### ##?????????? | | ???????????????????????# #?????????? | | ???????????????????????# """ #????????? | | ??????????????????????## """ ##???????? | | ??????????????????????# """ #???????? | | ???????????????????#??# ??????? | | ???????????????????# ## ???????? | | ??????????????###### # ## ## ???????? | | ???????????? ##?###?? ????????? | | ???????????? ##?????????????????? | | ?????????????### ##### #?????????????????? | | ?????????????????????## #?????????????????? | | ??????????????????????## ##?????????????????? | | ???????????????????????### ##??????????????????? | | ????????????????????####### #???????????????????? | | ???????????????????## ## #???????????????????? | | ???????????????# ### #???????????????????? | | ???????????????# ##??????????????????? | | ???????????????##### ###????????????????? | | ???????????????????# #####????????????? | | ????????????????#### ! #????????????? | | ????????? @ *#?????????????????? | | ????????? g ???????????? | | ??????????## #### ????????? | | ???????????# ????## d % ?????????? | | ???????????? ??????## #?????????? | | ??????????????????????##### ###??????????? | | ??????????????????????????? d #????????????? | | ??????????????????????????? % #???????????? | | ???????????????????????????# ## ???????????? | | ????????????????????????????###?# ???????????? | | ?????????????????????????????????####????????????? | | ?????????????????????????????????????????????????? | | | | | | | | | | | | | | | | | | | | | | | | | | | +----------------------------------------------------+ Best States ------------- Heat Dissipation 25 Energy Generation 10 Energy Capacity 125 Matter Stores 300 Matter Capacity 300 Sight Range 16 Terrain Scan Density 10 Armor Coverage 225 Evasion (%) 44 Targeting Accuracy 5 Item Schematics ----------------- Lrg. Storage Unit | -10/Materials | Hacked Med. Storage Unit | -10/Materials | Hacked Robot Schematics ------------------ None Fabricated ------------ Nothing Alien Tech Used ----------------- None Achievements -------------- None Challenges ------------ None Game ------ Seed StormTransportInitializer Manual? 0 Play Time 00:09:19 Cumulative 244.3 hours Start 2022.10.12 @ 19:44:26 End 2022.10.12 @ 19:55:00 Sessions 1 Manual Loads 0 Difficulty Rogue Special Mode None Game No. 172 Rogue 169 Adventurer 3 Explorer 0 Win Type - Total 3 Types 2/0/1/0/0/0/0/0/0 Lore% 69 Gallery% 72 Achievement% 61 Wizard Run 0 Options --------- ASCII 0 Keyboard 0 Movement Numpad Keybinds 0 Fullscreen 1 Font 18/SmallcapsGlow Map View 76x50 Tactical HUD 1 Map Filters NONE Filters NONE Steam 1 RUN: 8d5355f5-bc22-43b5-ad28-754b5c54158f